 Dungeon Crawl Stone Soup version 0.19.1-1-g22dce08 (webtiles) character file.

232 Lennu the Chopper (level 6, -5/53 HPs)
             Began as a Hill Orc Monk on Jan 5, 2017.
             Slain by an orc
             ... wielding a +0 flail
              (6 damage)
             ... on level 2 of the Dungeon.
             The game lasted 00:08:25 (2561 turns).

Lennu the Chopper (Hill Orc Monk)                   Turns: 2561, Time: 00:08:25

Health: -5/53      AC:  6    Str: 14    XL:     6   Next: 4%
Magic:  7/7        EV: 12    Int: 10    God:
Gold:   176        SH:  0    Dex: 15    Spells: 0 memorised, 7 levels left

rFire  . . .     SeeInvis .     a - +0 hand axe
rCold  . . .     Gourm    .     d - +0 ring mail
rNeg   . . .     Faith    .     (no shield)
rPois  .         Spirit   .     (no helmet)
rElec  .         Reflect  .     (no cloak)
rCorr  .         Harm     .     e - +0 pair of gloves
MR     .....                    (no boots)
Stlth  +.........               (no amulet)
                                (no ring)
                                (no ring)

@: no status effects
A: no striking features
a: no special abilities


You were on level 2 of the Dungeon.
You were not hungry.

You visited 1 branch of the dungeon, and saw 3 of its levels.

You collected 176 gold pieces.

Inventory:

Hand Weapons
 a - a +0 hand axe (weapon)
Missiles
 j - 5 javelins (quivered)
Armour
 d - a +0 ring mail (worn)
 e - a +0 pair of gloves (worn)
Wands
 l - a wand of slowing (11/48)
 r - a wand of slowing (10/48)
 u - a wand of teleportation (0/9)
Scrolls
 b - a scroll of enchant weapon {unknown}
 f - a scroll of fog {unknown}
 g - 2 scrolls of amnesia {unknown}
 h - 2 scrolls of immolation {unknown}
 i - a scroll of teleportation {unknown}
 m - 3 scrolls of recharging {unknown}
 n - a scroll of random uselessness {unknown}
 p - 2 scrolls of identify {unknown}
 s - a scroll of fear {unknown}
Potions
 k - a potion of lignification {unknown}
 o - a potion of haste {unknown}
 q - 2 potions of curing {unknown}
 t - a potion of flight {unknown}
 v - a potion of heal wounds {unknown}
Comestibles
 c - a bread ration
 w - 2 chunks of flesh


   Skills:
 * Level 4.7 Fighting
 * Level 6.0 Axes
 * Level 2.1 Armour
 * Level 3.2 Dodging
 - Level 1.5 Stealth
 * Level 1.0 Spellcasting


You had 7 spell levels left.
You didn't know any spells.

Dungeon Overview and Level Annotations

Branches:
Dungeon (3/15)

Altars:


Message History

The orc hits you but does no damage.
There is a stone staircase leading up, spattered with blood here.
The orc warrior closely misses you. The orc misses you.
You climb upwards.
There is a stone staircase leading down here.
You hit the orc warrior.
The orc warrior is lightly wounded.
You closely miss the orc.
The orc warrior hits you with a halberd!
The orc barely misses you.
You hit the orc warrior but do no damage.
You hit the orc.
The orc warrior hits you with a halberd!
The orc hits you but does no damage.
You hit the orc warrior but do no damage.
You closely miss the orc.
The orc warrior hits you with a halberd!!
* * * LOW HITPOINT WARNING * * *
The orc hits you with a flail.
You die...

#........#### #.
##...##### ##
#...# #.).# #...#
##'## #.########
###
#.o......#######..
#@.............'..
##o......#######..
#.......# #..
#.......# #..
#.......# #..
#.......# ###
#########


You could see an orc warrior and an orc.

Vanquished Creatures
  Sigmund (D:2)
  Ijyb (D:2)
  An adder (D:2)
  A worm (D:2)
  2 dart slugs
  3 leopard geckos
  4 bats
  4 hobgoblins (D:2)
  A ball python (D:2)
  3 frilled lizards
  11 goblins
  10 kobolds
  4 rats
46 creatures vanquished.

Notes
Turn   | Place    | Note
-------+----------+-------------------------------------------
     0 | D:1      | Lennu the Hill Orc Monk began the quest for the Orb.
     0 | D:1      | Reached XP level 1. HP: 19/19 MP: 1/1
   215 | D:1      | Reached XP level 2. HP: 27/27 MP: 2/2
  1029 | D:2      | Reached XP level 3. HP: 18/33 MP: 3/3
  1205 | D:2      | Noticed Ijyb
  1239 | D:2      | Killed Ijyb
  1239 | D:2      | Reached skill level 1 in Armour
  1340 | D:2      | Noticed Sigmund
  1348 | D:2      | Reached XP level 4. HP: 37/40 MP: 4/4
  1829 | D:2      | HP: 1/41 [something (7)]
  1861 | D:2      | Killed Sigmund
  1861 | D:2      | Reached skill level 5 in Axes
  1861 | D:2      | Reached skill level 1 in Spellcasting
  1861 | D:2      | Reached XP level 5. HP: 4/47 MP: 4/6
  1861 | D:2      | Reached XP level 6. HP: 5/53 MP: 4/7
  2371 | D:3      | Reached skill level 6 in Axes
  2382 | D:3      | Noticed an orc warrior
  2561 | D:2      | HP: 1/53 [orc warrior/halberd (19)]
  2561 | D:2      | Slain by an orc

Skill      XL: |  1  2  3  4  5  6 |
---------------+-------------------+-----
Fighting       | 4 |  4.7
Armour         | 1 2 |  2.1
Axes           | 5 6 |  6.0
Dodging        | 3 |  3.2
Spellcasting   | 1 |  1.0
Stealth        | |  1.5

Action                   |  1- 3 |  4- 6 || total
-------------------------+-------+-------++-------
Melee: Hand axe          |   132 |    94 ||   226
Throw: Javelin           |     6 |     5 ||    11
 Stab: Sleeping          |     4 |       ||     4
  Eat: Chunk             |     2 |     1 ||     3
       Meat ration       |       |     1 ||     1
Armor: Robe              |     1 |       ||     1
       Ring mail         |    37 |    39 ||    76
Dodge: Dodged            |    77 |    55 ||   132
